 Dungeon Sprint DCSS version 0.23.2-30-g0e89c35649 (webtiles) character file.

Game seed: 5234169524911346188

53 senseless the Slasher (level 3, -6/29 HPs)
             Began as a Demonspawn Gladiator on June 21, 2019.
             Was a Believer of Cheibriados.
             Mangled by Blork the orc
             ... wielding a +0 flail
              (7 damage)
             ... in the Dungeon (Sprint VII: "The Pits").
             The game lasted 00:03:56 (479 turns).

senseless the Slasher (Demonspawn Gladiator)         Turns: 479, Time: 00:03:56

Health: -6/29      AC:  8    Str: 20    XL:     3   Next: 62%
Magic:  3/3        EV: 14    Int: 15    God:    Cheibriados [**....]
Gold:   0          SH:  0    Dex: 21    Spells: 2/2 levels left

rFire    . . .     SeeInvis .   l - +2 falchion
rCold    . . .     Gourm    .   (no shield)
rNeg     . . .     Faith    .   r - +3 ring mail
rPois    .         Spirit   .   (helmet restricted)
rElec    .         Reflect  .   (no cloak)
rCorr    .         Harm     .   (no gloves)
MR       .....     NoTele   +   (no boots)
Stlth    +.........             (no amulet)
HPRegen  0.09/turn              (no ring)
MPRegen  0.08/turn              (no ring)

@: very slow
A: antennae 1, rot immunity
a: Bend Time, Renounce Religion


You were in the Dungeon.
You worshipped Cheibriados.
Cheibriados was pleased with you.
You were not hungry.

You visited 1 branch

Inventory:

Hand Weapons
 a - a +0 long sword
 l - a +2 falchion (weapon)
Missiles
 d - 3 throwing nets (quivered)
Armour
 b - a +0 leather armour
 c - a +0 helmet
 q - a +3 chain mail
 r - a +3 ring mail (worn)
Scrolls
 k - a scroll of blinking
 n - 3 scrolls of remove curse
 o - 5 scrolls of amnesia
 p - a scroll of summoning
Potions
 e - 6 potions of curing
 g - 6 potions of heal wounds
 h - a potion of haste
 i - 4 potions of magic
 j - 3 potions of berserk rage
 m - 2 potions of invisibility
Comestibles
 f - 9 rations


   Skills:
 + Level 3.2 Fighting
 + Level 5.2 Long Blades
 - Level 1.7 Throwing
 + Level 1.3 Armour
 + Level 4.5 Dodging
 + Level 0.7 Stealth


You had 2 spell levels left.
You didn't know any spells.
Your spell library was empty.

Dungeon Overview and Level Annotations

Branches:
Dungeon (1/1)

Altars:
Ashenzari
Cheibriados
Dithmenos
Elyvilon
Fedhas
Gozag
Hepliaklqana
Kikubaaqudgha
Makhleb
Nemelex Xobeh
Okawaru
Qazlal
Ru
Sif Muna
Trog
Uskayaw
Vehumet
Wu Jian
Xom
Yredelemnul
Zin
The Shining One
Beogh
Jiyva
Lugonu

Annotations:
D Blork the orc


Innate Abilities, Weirdness & Mutations

You have a pair of small antennae on your head.
You are immune to rotting.


Message History

You slash the iguana!
You kill the iguana!
Cheibriados appreciates the change of pace.
Cheibriados raises the support of your attributes as your movement slows.
Your Fighting skill increases to level 3!
Your Long Blades skill increases to level 5!
Your Armour skill increases to level 1!
You have reached level 3!
Your experience leads to an increase in your attributes!
Your base attributes are Str 14, Int 9, Dex 14.
Increase (S)trength, (I)ntelligence, or (D)exterity?
You feel agile.
Your demonic ancestry asserts itself...
A pair of antennae grows on your head!
Your +0 helmet falls away!
Something hits you but does no damage.
You slash something! Something barely misses you.
You hit something. Something hits you.
* * * LOW HITPOINT WARNING * * *
You hit something but do no damage. Something hits you but does no damage.
You hit something. Something hits you but does no damage. Something hits you!
You die...

#'#####)#####.....
#.#...#.#..##.....
#.#...#.#))#####'#
#.#...'.#))##.....
#.##รท####))##.....
#.#.....#..##.....
#.#.....#'###...<.
#.#........##.....
#@#........##.....
#{###########.....
#Ol..FO.# ######
#K.#.#.l# #.## #
#.. #.# #.. #..


You could see a big kobold, an ogre and a leopard gecko.

Vanquished Creatures
  An iguana (D)
  A river rat (D)
  An ooze (D)
  An adder skeleton (D)
  A worm (D)
  A ball python (D)
  A giant cockroach (D)
  A goblin (D)
  A hobgoblin (D)
  A rat (D)
10 creatures vanquished.

Notes
Turn   | Place    | Note
-------+----------+-------------------------------------------
     0 | D        | senseless the Demonspawn Gladiator began the quest for the
                  | Orb.
     0 | D        | Reached XP level 1. HP: 16/16 MP: 1/1
    13 | D        | Reached skill level 3 in Long Blades
    17 | D        | Found a bloodstained altar of Trog.
    17 | D        | Found a deep blue altar of Sif Muna.
    17 | D        | Found a viscous altar of Jiyva.
    17 | D        | Found a hazy altar of Hepliaklqana.
    17 | D        | Found an opulent altar of Gozag.
    18 | D        | Found a glowing golden altar of the Shining One.
    18 | D        | Found a glowing silver altar of Zin.
    18 | D        | Found a basalt altar of Yredelemnul.
    18 | D        | Found a shimmering altar of Xom.
    18 | D        | Found an ornate altar of the Wu Jian Council.
    18 | D        | Found a sacrificial altar of Ru.
    18 | D        | Found a stormy altar of Qazlal.
    18 | D        | Found an iron altar of Okawaru.
    18 | D        | Found a sparkling altar of Nemelex Xobeh.
    18 | D        | Found a burning altar of Makhleb.
    18 | D        | Found a blossoming altar of Fedhas.
    18 | D        | Found a white marble altar of Elyvilon.
    18 | D        | Found a shadowy altar of Dithmenos.
    18 | D        | Found a snail-covered altar of Cheibriados.
    19 | D        | Found a radiant altar of Vehumet.
    19 | D        | Found a corrupted altar of Lugonu.
    19 | D        | Found a roughly hewn altar of Beogh.
    20 | D        | Found a hide-covered altar of Uskayaw.
    20 | D        | Found an ancient bone altar of Kikubaaqudgha.
    20 | D        | Found a shattered altar of Ashenzari.
    26 | D        | Became a worshipper of Cheibriados the Contemplative
    65 | D        | Reached * piety under Cheibriados
    80 | D        | Gained mutation: You are immune to rotting. [demonic
                  | ancestry]
    80 | D        | Reached XP level 2. HP: 20/23 MP: 2/2
   114 | D        | Reached ** piety under Cheibriados
   120 | D        | Reached skill level 4 in Long Blades
   460 | D        | Noticed an ogre
   460 | D        | Noticed Blork the orc
   460 | D        | Noticed a bullfrog
   462 | D        | Noticed a big kobold
   475 | D        | Reached skill level 5 in Long Blades
   475 | D        | Reached skill level 1 in Armour
   475 | D        | Gained mutation: You have a pair of small antennae on your
                  | head. [demonic ancestry]
   475 | D        | Reached XP level 3. HP: 7/29 MP: 3/3
   477 | D        | HP: 1/29 [something (6)]
   479 | D        | Mangled by Blork the orc

Skill      XL: |  1  2 |
---------------+-------+-----
Long Blades    | 3 5 |  5.2
Dodging        | 3 4 |  4.5
Fighting       | 3 |  3.2
Armour         | 1 |  1.3
Throwing       | |  1.7
Stealth        | |  0.7

Action                   || total
-------------------------++-------
Melee: Falchion          ||    39
       Long sword        ||     3
Armor: Leather armour    ||     6
       Ring mail         ||     7
Dodge: Dodged            ||    19
       Rpst.: Falchion   ||     5
